[Event "Late-Titled-Tuesday-Blitz-November-28-2023"]
[Site "Chess.com"]
[Date "2023.11.28"]
[Round "8"]
[White "The_Princess_Moon"]
[Black "Good_Knight_Kiss"]
[Result "1-0"]
[WhiteElo "2391"]
[BlackElo "2316"]
[TimeControl "180+1"]
[EndTime "15:25:30 PST"]
[Termination "The_Princess_Moon won on time"]

1. e4 c5 2. Nf3 d6 3. c3 Nf6 4. h3 Nc6 5. Bd3 d5 6. e5 Nd7 7. e6 fxe6 8. Ng5 Nf6 9. Nxh7 Nxh7 10. Qh5+ Kd7 11. Bxh7 Kc7 12. d4 e5 13. dxe5 e6 14. Na3 Bd7 15. O-O Be8 16. Qg4 Rxh7 17. Qxe6 Qd7 18. Qg8 Bg6 19. Nb5+ Kb6 20. Nd6 Rd8 21.
Qxd5 Bxd6 22. exd6 Qxd6 23. Qb3+ Kc7 24. Qc4 Bd3 25.
Qa4 Bxf1 26. Bf4 Ne5 27. Rxf1 g5 28. Bg3 Kc8 29. Qxa7 Re7 30. b4 c4 31. Qa8+ Qb8 32.
Qa5 Qc7 33. Qa8+ Qb8 34. Qa4 Rde8 35. b5 Qc7 36. Qa8+ Qb8 37. Qa5 Qc7 38. b6 Qb8 39. Qc5+ Kd7 40. Rd1+ Ke6 41. Re1 Kf5 42. Qd4 1-0

[Event "Late-Titled-Tuesday-Blitz-November-28-2023"]
[Site "Chess.com"]
[Date "2023.11.28"]
[Round "8"]
[White "karinachess1"]
[Black "FaustinoOro"]
[Result "1-0"]
[WhiteElo "2629"]
[BlackElo "2841"]
[TimeControl "180+1"]
[EndTime "15:25:32 PST"]
[Termination "karinachess1 won on time"]

1. d4 Nf6 2. c4 e6 3. Nc3 Bb4 4.
a3 Bxc3+ 5. bxc3 O-O 6. e3 d5 7. Bd3 c5 8. Ne2 b6 9. O-O dxc4 10. Bxc4 Ba6 11. Bxa6 Nxa6 12. Qa4 Qc8 13. c4 Rd8 14.
Bb2 Ne4 15. Rfd1 Nd6 16. Rac1 Qb7 17. d5 exd5 18. cxd5 c4 19. Nf4 Nc5 20. Qc2 f6 21. Bd4 Nb3 22. Rb1 Rac8 23. Bc3 Re8 24. Ne6 a5 25. Qe2 Qf7 26. Qf3 Nb5 27. e4 Nxa3 28. Rb2 Nb5 29. Rc2 a4 30. Bb4 Rxe6 31. dxe6 Qxe6 32. Qe3 Qc6 33. e5 Re8 34. f4 fxe5 35.
fxe5 Qe6 36. Qe4 Rc8 37. Rd5 Qc6 38. e6 Qe8 39. e7 Nc7 40. Qxc4 Nxd5 41. Qxd5+ 1-0

[Event "Late-Titled-Tuesday-Blitz-November-28-2023"]
[Site "Chess.com"]
[Date "2023.11.28"]
[Round "8"]
[White "colegiodemadrid"]
[Black "DawnofEpiphany"]
[Result "1-0"]
[WhiteElo "2506"]
[BlackElo "2632"]
[TimeControl "180+1"]
[EndTime "15:25:32 PST"]
[Termination "colegiodemadrid won by resignation"]

1. d4 d5 2. c4 c6 3. Nf3 Nf6 4. e3 Bf5 5. Nc3 e6 6. Nh4 Be4 7. f3 Bg6 8. Qb3 Qc7 9. Bd2 Be7 10. Nxg6 hxg6 11. O-O-O dxc4 12. Bxc4 b5 13. Bd3 a6 14. e4 c5 15. dxc5 Nbd7 16. Be2 Nxc5 17. Qc2 Rc8 18. a3 Nfd7 19. Kb1 Rxh2 20. Be3 Kf8 21.
Qd2 Rxh1 22. Rxh1 Kg8 23. Bd4 Bf6 24. Bxf6 Nxf6 25. Qg5 Na4 26. Nxa4 Qc2+ 27. Ka1 bxa4 28. Bxa6 Rb8 29. Qe5 Rb3 30. Rb1 Qxg2 31. Bc4 Rxf3 32. Qb8+ Kh7 33. Qf8 Nxe4 34. Bb5 Nd2 35. Qb4 g5 36.
Rd1 Nb3+ 37. Ka2 f5 38. Bc4 Qg3 39. Bxe6 Rf4 40. Rh1+ Kg6 41. Bc4 Nd4 42. Qb6+ 1-0

[Event "Late-Titled-Tuesday-Blitz-November-28-2023"]
[Site "Chess.com"]
[Date "2023.11.28"]
[Round "8"]
[White "FairChess_on_YouTube"]
[Black "AryanTari"]
[Result "1-0"]
[WhiteElo "3091"]
[BlackElo "2978"]
[TimeControl "180+1"]
[EndTime "15:25:33 PST"]
[Termination "FairChess_on_YouTube won by checkmate"]

1. d4 d5 2. c4 e6 3. Nf3 Nf6 4. Bg5 dxc4 5. e4 c5 6. Nc3 cxd4 7. Qxd4 Qxd4 8. Nxd4 a6 9. Bxc4 b5 10. Be2 Nbd7 11. f3 Bb7 12. Nb3 Rc8 13. Kf2 Bb4 14.
a4 Nc5 15. Nxc5 Bxc5+ 16. Be3 b4 17. Na2 a5 18. Nc1 Bxe3+ 19. Kxe3 Ke7 20. Nb3 Ra8 21.
Rhc1 Rhc8 22. Bb5 Ne8 23. Rxc8 Bxc8 24. Rc1 Nd6 25. Bc6 Ra7 26. Rc5 Ba6 27. Nxa5 Rc7 28. Kd4 f6 29. Bb5 e5+ 30. Kd5 Bb7+ 31. Nxb7 Rxb7 32. Bd3 b3 33. a5 Nf7 34. a6 Rd7+ 35. Kc4 Nd8 36. Kc3 Ne6 37. Ra5 Ra7 38. Kxb3 Nd4+ 39. Kc3 Rc7+ 40. Bc4 Nc6 41. Rc5 Kd6 42. b4 Ra7 43. Bb5 Nd4 44. Kc4 Ra8 45. Rd5+ Kc7 46.
Rd7+ Kb6 47. Rb7# 1-0

[Event "Late-Titled-Tuesday-Blitz-November-28-2023"]
[Site "Chess.com"]
[Date "2023.11.28"]
[Round "8"]
[White "Matthew_Clarke"]
[Black "giomar27"]
[Result "0-1"]
[WhiteElo "2260"]
[BlackElo "2426"]
[TimeControl "180+1"]
[EndTime "15:25:36 PST"]
[Termination "giomar27 won on time"]

1. e4 e5 2. Nf3 d5 3. exd5 e4 4. Qe2 Nf6 5. Nc3 Bc5 6. d4 O-O 7. dxc5 exf3 8. Qxf3 Re8+ 9. Be3 Na6 10. Bxa6 bxa6 11.
O-O Rb8 12. Bd4 Rb4 13. Rad1 Bg4 14. Bxf6 gxf6 15. Qg3 Kh8 16. Rd2 Rg8 17. Kh1 Qf8 18.
Qxc7 Qh6 19. Rd3 Bf5 20. Rf3 Qg6 21. Rg3 Rg4 22. d6 h5 23. d7 h4 24. d8=Q hxg3 25.
Qxg8+ Qxg8 26. fxg3 Qh7 27. Qd8+ Kg7 28. Nd5 Qh6 29. Ne7 Bh7 30. Qd6 Re4 31. Nd5 Re6 32. Qb8 Be4 33. Nf4 Re5 34. b4 Rg5 35. Qxa7 Rxg3 36. Qxa6 Rg4 37. Nh5+ Qxh5 38. Qxf6+ Kg8 39. Rg1 Rh4 0-1

[Event "Late-Titled-Tuesday-Blitz-November-28-2023"]
[Site "Chess.com"]
[Date "2023.11.28"]
[Round "8"]
[White "GothamChess"]
[Black "Hypercar"]
[Result "0-1"]
[WhiteElo "2649"]
[BlackElo "2542"]
[TimeControl "180+1"]
[EndTime "15:25:38 PST"]
[Termination "Hypercar won by checkmate"]

1. d4 d5 2. Bg5 Nf6 3. Bxf6 exf6 4. e3 c6 5. g3 Be6 6. Bg2 Nd7 7. Ne2 f5 8. Nf4 Bd6 9. Nxe6 fxe6 10. Nd2 O-O 11. c4 Qe7 12. O-O Nf6 13. Qc2 Ne4 14. a3 h5 15. h4 Rac8 16. b4 a6 17. Qd1 b5 18.
Nxe4 fxe4 19. c5 Bb8 20. Qxh5 Rf5 21. Qg4 Rcf8 22. a4 e5 23. axb5 axb5 24. dxe5 Bxe5 25. Ra6 Qf6 26. Qe2 Bc3 27. Bh3 Rf3 28. Bd7 d4 29. Bxc6 Qe5 30. Kg2 dxe3 31. Ra8 Rxa8 32.
Bxa8 exf2 33. Qxf3 exf3+ 34. Bxf3 Be1 35. c6 Qc3 36. h5 Qxb4 37. Rh1 Qc4 38. h6 gxh6 39.
g4 Kg7 40. g5 hxg5 41. c7 Qxc7 42. Be2 Qc6+ 43. Bf3 Qc4 44. Ba8 Qf4 45. Bf3 b4 46.
Rh3 Kf7 47. Bh5+ Kg7 48. Bg6 Kxg6 49. Rg3 Qxg3+ 50. Kh1 Qg1# 0-1

[Event "Late-Titled-Tuesday-Blitz-November-28-2023"]
[Site "Chess.com"]
[Date "2023.11.28"]
[Round "8"]
[White "Felix-Rose"]
[Black "cthake"]
[Result "1-0"]
[WhiteElo "2329"]
[BlackElo "1929"]
[TimeControl "180+1"]
[EndTime "15:25:38 PST"]
[Termination "Felix-Rose won on time"]

1. e4 e6 2. d4 d5 3. Nc3 Bb4 4. e5 Qd7 5. Qg4 f5 6. Qg3 b6 7.
a3 Bxc3+ 8. Qxc3 Ba6 9. Bxa6 Nxa6 10. b4 c6 11. h4 Ne7 12. h5 O-O 13. Rh3 f4 14.
Rf3 g5 15. hxg6 Nxg6 16. Kf1 Rf7 17. Nh3 Raf8 18. Qd3 Nc7 19. a4 Qe7 20. Bd2 Qh4 21. Ng1 Qg4 22. Rh3 Nh4 23. Rh2 Nf5 24. Nf3 h5 25. c4 Ng3+ 26. Kg1 Nf5 27. a5 h4 28. axb6 axb6 29. Ra7 Rg7 30. cxd5 cxd5 31. Qc2 h3 32. Rxc7 Rxc7 33. Qxc7 Ra8 34. Rxh3 Ra1+ 35.
Kh2 Qg6 36. Bxf4 Ng7 37. Qd8+ Qe8 38. Qh4 Qg6 39. Qh8+ Kf7 40. Ng5+ Ke7 41. Qh7 1-0

[Event "Late-Titled-Tuesday-Blitz-November-28-2023"]
[Site "Chess.com"]
[Date "2023.11.28"]
[Round "8"]
[White "Aradhya2000"]
[Black "TigrVShlyape"]
[Result "0-1"]
[WhiteElo "2737"]
[BlackElo "2976"]
[TimeControl "180+1"]
[EndTime "15:25:40 PST"]
[Termination "TigrVShlyape won by checkmate"]

1. d4 f5 2. Nf3 Nf6 3. c4 e6 4. Nc3 Bb4 5. g3 Bxc3+ 6. bxc3 b6 7. d5 Bb7 8. dxe6 dxe6 9. Qxd8+ Kxd8 10. Bg2 Ke7 11.
Bf4 Na6 12. O-O Rhd8 13. a4 h6 14. a5 g5 15. Be3 Ng4 16. Bd4 c5 17. axb6 axb6 18.
Be3 Nxe3 19. fxe3 Nc7 20. Ne5 Bxg2 21. Kxg2 Kf6 22. Nd3 Rxa1 23. Rxa1 Ra8 24. Rb1 Ra6 25. Kf3 Ne8 26. h4 Nd6 27. hxg5+ hxg5 28. Rh1 Nxc4 29.
Rh6+ Ke7 30. g4 Nd2+ 31. Kg2 Ra3 32. gxf5 exf5 33. Rxb6 Rxc3 34. Rb7+ Kd6 35. Rb6+ Kd5 36. Rf6 c4 37. Rxf5+ Ke6 38. Rxg5 cxd3 39. exd3 Rxd3 40. Ra5 Rxe3 41. Kf2 Rh3 42. Ke2 Ne4 43. Kf1 Rh2 44. Kg1 Rb2 45. Rh5 Kf6 46. Ra5 Kg6 47. Rd5 Ng5 48.
Rd3 Kf5 49. Rg3 Kf4 50. Rg2 Nh3+ 51. Kh2 Nf2 52. Kg1 Kf3 53. Rg8 Rb1+ 54. Kh2 Rh1# 0-1

[Event "Late-Titled-Tuesday-Blitz-November-28-2023"]
[Site "Chess.com"]
[Date "2023.11.28"]
[Round "8"]
[White "krzyzan94"]
[Black "BogdanDeac"]
[Result "0-1"]
[WhiteElo "2738"]
[BlackElo "2994"]
[TimeControl "180+1"]
[EndTime "15:25:41 PST"]
[Termination "BogdanDeac won by resignation"]

1. e4 e5 2. Nf3 Nc6 3. Bb5 a6 4.
Ba4 Nf6 5. Nc3 Bc5 6. O-O b5 7. Bb3 O-O 8. d3 h6 9. a4 Rb8 10. axb5 axb5 11. Nd5 d6 12. c3 Nxd5 13. Bxd5 Ne7 14.
Bb3 Ng6 15. d4 Bb6 16. Be3 Qf6 17. h3 Re8 18. Re1 Bb7 19. dxe5 dxe5 20. Bxb6 Qxb6 21.
Qd7 Re7 22. Qf5 Bc8 23. Qh5 Qf6 24. Rad1 Nf4 25. Rd8+ Kh7 26. Qh4 g5 27. Qg3 c5 28.
Bd5 Qb6 29. Rf8 Kg7 30. Rxc8 Rxc8 31. h4 f6 32. Nh2 Rd8 33. Ng4 c4 34. Ne3 Kh8 35.
Nf5 Rh7 36. Qf3 h5 37. hxg5 fxg5 38. g3 g4 39. Qd1 Nh3+ 40. Kg2 Qxf2+ 41. Kh1 Qxf5 42. exf5 Nf2+ 43. Kg2 Nxd1 44. Rxd1 Rhd7 45. Re1 Rxd5 46. Rh1 Rd2+ 0-1

[Event "Late-Titled-Tuesday-Blitz-November-28-2023"]
[Site "Chess.com"]
[Date "2023.11.28"]
[Round "8"]
[White "ahkashefi2800"]
[Black "TanitoluwaAps116"]
[Result "0-1"]
[WhiteElo "2563"]
[BlackElo "2689"]
[TimeControl "180+1"]
[EndTime "15:25:45 PST"]
[Termination "TanitoluwaAps116 won by checkmate"]

1. Nf3 Nf6 2. g3 g6 3. Bg2 Bg7 4. O-O O-O 5. d3 d6 6. c4 Nc6 7. Nc3 e5 8. Rb1 Be6 9. b4 h6 10. b5 Ne7 11. a4 Rb8 12. Ba3 c6 13. Qc2 Nf5 14. Rfc1 Re8 15. e3 d5 16. Nxe5 d4 17. Nd1 dxe3 18. fxe3 Nxe3 19. Nxe3 Qd4 20. Re1 Qxe5 21.
bxc6 bxc6 22. Rxb8 Rxb8 23. Qf2 Qd4 24. Bf1 Nd7 25.
Nd1 Qa1 26. Bd6 Rb1 27. Qf3 Bd4+ 28. Kh1 Bf5 29. Be2 Ne5 30. Bxe5 Bxe5 31. Qxc6 Bxd3 32. Qe8+ Kg7 33. Bxd3 Rxd1 34. Rxd1 Qxd1+ 35. Kg2 Qd2+ 36. Kh3 Bf6 37. Qe4 h5 38. c5 Qf2 39. Qd5 g5 40.
Qe4 g4+ 41. Qxg4+ hxg4+ 42. Kxg4 Qd4+ 43. Be4 Qxe4+ 44. Kh3 Qxa4 45. c6 Qxc6 46. Kg4 a5 47. Kh5 a4 48. g4 a3 49. g5 Be5 50. h4 Qf3# 0-1

[Event "Late-Titled-Tuesday-Blitz-November-28-2023"]
[Site "Chess.com"]
[Date "2023.11.28"]
[Round "8"]
[White "NikolasTheiss"]
[Black "KNVB"]
[Result "0-1"]
[WhiteElo "2532"]
[BlackElo "2676"]
[TimeControl "180+1"]
[EndTime "15:25:46 PST"]
[Termination "KNVB won by resignation"]

1. e4 e5 2. Nf3 Nc6 3. d4 exd4 4. Bc4 Nf6 5. e5 d5 6. Bb5 Ne4 7. Nxd4 Bc5 8. O-O O-O 9. Bxc6 bxc6 10. Be3 Bxd4 11.
Bxd4 c5 12. Be3 d4 13. Bf4 f6 14. Nd2 fxe5 15. Nxe4 exf4 16. f3 Qd5 17. c4 Qe5 18.
Re1 a5 19. Qa4 Bf5 20. Nf2 Qd6 21. Rad1 Bd7 22. Qc2 h6 23. Ne4 Qb6 24. Qb3 Rab8 25. Qa3 Rf5 26. b3 Qb4 27. Qc1 a4 28. Rd3 a3 29.
Qd2 Re8 30. Qxb4 cxb4 31. Rxd4 Bc6 32. Kf2 Rfe5 33. Re2 Kf7 34. Rdd2 Bxe4 35. fxe4 Rxe4 36. Rxe4 Rxe4 37. Rd7+ Re7 38. Rd4 g5 39. g3 fxg3+ 40.
hxg3 Ke6 41. Rd5 Rf7+ 42. Ke3 c6 43. Ra5 Rf1 44. Ra6 Kd6 45. Rb6 Kc5 46. Rb7 Ra1 47.
Rh7 Rxa2 48. Rxh6 Rb2 49. Rg6 Rxb3+ 50. Kd2 Rxg3 51. Rf6 b3 52. Rf5+ Kb4 53. c5 a2 54.
Ke2 a1=Q 55. Kf2 Qc3 56. Rf4+ gxf4 57. Kf1 Rd3 58. Kf2 Rd2+ 59. Kg1 Qc2 0-1

[Event "Late-Titled-Tuesday-Blitz-November-28-2023"]
[Site "Chess.com"]
[Date "2023.11.28"]
[Round "8"]
[White "MeesvanOsch"]
[Black "reevecanada"]
[Result "1-0"]
[WhiteElo "2428"]
[BlackElo "2612"]
[TimeControl "180+1"]
[EndTime "15:25:46 PST"]
[Termination "MeesvanOsch won by checkmate"]

1. e4 e6 2. d4 d5 3. Nc3 c6 4. Be3 Qb6 5. Qd2 Nf6 6. e5 Nfd7 7. O-O-O c5 8. Na4 Qc6 9. Nxc5 Nxc5 10. dxc5 Bxc5 11.
Nf3 Nd7 12. Nd4 Bxd4 13. Bxd4 b5 14. Qg5 O-O 15. Rd3 h6 16. Qg4 f5 17. Qg6 Rf7 18. Rc3 Qa6 19. Kb1 Nf8 20. Qh5 Qa4 21. Bc5 Qg4 22. Qxg4 fxg4 23. Bxb5 Bb7 24. Rb3 Ng6 25.
Bd4 Nh4 26. Bd3 Nxg2 27. Rg1 Nf4 28. Rxg4 Nxd3 29. cxd3 Ba6 30. Kc2 Raf8 31. Rc3 Bb5 32. Bc5 Rc8 33. a4 Rfc7 34. axb5 Rxc5 35. Ra4 R8c7 36.
d4 Rxc3+ 37. bxc3 Rb7 38. c4 dxc4 39. Ra5 Rf7 40. Kc3 Rxf2 41. Rxa7 Rxh2 42. b6 Rh3+ 43. Kxc4 Rh1 44. b7 Rc1+ 45. Kd3 Rb1 46. Ra8+ Kh7 47. b8=Q Rxb8 48. Rxb8 h5 49. Rf8 h4 50. d5 exd5 51. e6 h3 52. Rf3 h2 53. Rh3+ Kg6 54. Rxh2 Kf6 55. Re2 Ke7 56. Kd4 g5 57. Kxd5 g4 58.
Ke5 g3 59. Rg2 Ke8 60. Rxg3 Ke7 61. Ra3 Kf8 62. Ra7 Ke8 63. Kf6 Kd8 64. Rh7 Kc8 65. Rg7 Kd8 66. Rf7 Ke8 67. Ke5 Kd8 68. Kd6 Ke8 69. Rf5 Kd8 70. Rf8# 1-0

[Event "Late-Titled-Tuesday-Blitz-November-28-2023"]
[Site "Chess.com"]
[Date "2023.11.28"]
[Round "8"]
[White "2Killer2"]
[Black "jcibarra"]
[Result "0-1"]
[WhiteElo "2552"]
[BlackElo "2885"]
[TimeControl "180+1"]
[EndTime "15:25:48 PST"]
[Termination "jcibarra won on time"]

1. d4 Nf6 2. c4 e6 3. Nc3 Bb4 4. e3 b6 5. Bd3 Bb7 6. Nf3 Ne4 7. O-O Bxc3 8. bxc3 O-O 9. Nd2 Nxd2 10. Bxd2 f5 11. f3 d6 12. a4 Nd7 13. a5 Qh4 14. Qe2 Nf6 15. Rab1 Rab8 16. axb6 axb6 17. Be1 Qh5 18. Bg3 Qf7 19. e4 Nh5 20. c5 Nxg3 21.
hxg3 bxc5 22. dxc5 fxe4 23. Bxe4 Bxe4 24. Qxe4 Qf6 25. cxd6 cxd6 26. Rfe1 Rbe8 27. c4 h6 28. Rb7 Qg5 29. g4 Rf4 30. Qc6 Re7 31. Rb8+ Kh7 32. Qxd6 e5 33. Rb6 e4 34. c5 Ref7 35. Rxe4 Rxe4 36.
fxe4 Qxg4 37. Qd3 Rd7 38. Rd6 Ra7 39. e5+ Kg8 40. Rd8+ Kf7 41. Qd5+ Kg6 42. Qd3+ Kh5 43. Qf3 Re7 44. Qxg4+ Kxg4 45. c6 Rc7 46. e6 Kf5 47.
Rd7 Rxc6 48. e7 Re6 0-1

[Event "Late-Titled-Tuesday-Blitz-November-28-2023"]
[Site "Chess.com"]
[Date "2023.11.28"]
[Round "8"]
[White "GiorgianBarbosa"]
[Black "tolimachess"]
[Result "1-0"]
[WhiteElo "2528"]
[BlackElo "2377"]
[TimeControl "180+1"]
[EndTime "15:25:49 PST"]
[Termination "GiorgianBarbosa won by checkmate"]

1. c4 e5 2. g3 Nc6 3. Bg2 g6 4. Nc3 Bg7 5. e4 Nge7 6. Nge2 O-O 7. O-O d6 8. d3 Be6 9. h3 Qd7 10. Kh2 f5 11. f4 Rf7 12. Be3 Raf8 13. Qd2 a6 14.
Nd5 Nd8 15. b3 c6 16. Nxe7+ Qxe7 17. Rae1 Qd7 18. d4 fxe4 19. d5 cxd5 20. cxd5 Bf5 21. g4 Bxg4 22. hxg4 Qxg4 23. fxe5 Bxe5+ 24. Kg1 Rf3 25. Nd4 Qh5 26. Nxf3 exf3 27. Rxf3 Rxf3 28. Bxf3 Qxf3 29.
Qg2 Qxg2+ 30. Kxg2 Kf7 31. Kf3 h5 32. Rc1 Ke8 33.
Rc7 Nf7 34. Rxb7 g5 35. Ra7 g4+ 36. Kf2 h4 37. Rxa6 h3 38. Ra4 g3+ 39. Kg1 h2+ 40. Kg2 Ke7 41. Rg4 Kf6 42. Bf4 Bxf4 43. Rxf4+ Ke7 44.
Rg4 Ne5 45. Rxg3 h1=Q+ 46. Kxh1 Kf6 47. Rc3 Kf5 48. a4 Ke4 49. a5 Kd4 50. Rc1 Nd3 51. Rd1 Ke4 52. Rxd3 Kxd3 53. a6 Kd4 54. a7 Kxd5 55.
a8=Q+ Kd4 56. Qc6 d5 57. b4 Ke5 58. b5 d4 59. b6 d3 60. b7 d2 61. b8=Q+ Kd4 62. Qbd6+ Ke3 63. Qe8+ Kf3 64. Qdf8+ Kg4 65. Qg6+ Kh4 66. Qfh6# 1-0

[Event "Late-Titled-Tuesday-Blitz-November-28-2023"]
[Site "Chess.com"]
[Date "2023.11.28"]
[Round "8"]
[White "sansanathalia"]
[Black "Mikhal867"]
[Result "1-0"]
[WhiteElo "2241"]
[BlackElo "2403"]
[TimeControl "180+1"]
[EndTime "15:25:50 PST"]
[Termination "sansanathalia won by resignation"]

1. e4 g6 2. d4 Bg7 3. Nc3 d6 4. Nf3 a6 5. Be2 Nd7 6. O-O b5 7. a3 Bb7 8. Be3 Ngf6 9. e5 Nd5 10. Nxd5 Bxd5 11. exd6 cxd6 12. Nd2 O-O 13. Bf3 Nb6 14. b3 Rc8 15. Rc1 Bxf3 16. Qxf3 d5 17. Nb1 Qd6 18. Rfd1 a5 19. Bd2 a4 20. Bb4 Qf6 21. Bc5 Qxf3 22. gxf3 Rc6 23. Bxe7 Rfc8 24. Bc5 Bf8 25. b4 Nc4 26. Nc3 Nxa3 27. Nxd5 Nc4 28. Rb1 Rd8 29. Nc3 Na3 30. Rb2 Nc4 31. Ra2 Rb8 32. d5 Rf6 33. Kg2 Rf5 34. Ne4 Rd8 35. Nc3 Rg5+ 36. Kf1 Bg7 37. Be7 Bxc3 38. Bxg5 Rd7 39. Rd3 Bxb4 40.
Ra1 Ne5 41. Rdd1 Nxf3 42. Bf4 g5 43. Be3 f5 44. Kg2 Ne5 45. Bxg5 Rg7 46. f4 h6 47. fxe5 hxg5 48. d6 Rd7 49. Rab1 Bc3 50. e6 Rh7 51. d7 Bf6 52. d8=Q+ Bxd8 53. Rxd8+ Kg7 54. Rd7+ Kg6 55. Rxh7 Kxh7 56. e7 1-0

[Event "Late-Titled-Tuesday-Blitz-November-28-2023"]
[Site "Chess.com"]
[Date "2023.11.28"]
[Round "8"]
[White "StellarChessPro"]
[Black "Goryachkina"]
[Result "1/2-1/2"]
[WhiteElo "2524"]
[BlackElo "2649"]
[TimeControl "180+1"]
[EndTime "15:25:54 PST"]
[Termination "Game drawn - insufficient material"]

1. b3 d5 2. Bb2 c5 3. Nf3 Nc6 4. d3 Qc7 5. Nbd2 e5 6. e4 d4 7. g3 f6 8. Bg2 Be6 9. Qe2 Nge7 10. Nh4 g5 11. Nf5 Nxf5 12. exf5 Bxf5 13. Ne4 Be7 14.
Qf3 Bxe4 15. Qxe4 O-O-O 16. O-O-O Kb8 17. Kb1 Nb4 18. h4 gxh4 19. Qxh4 Qa5 20. a3 Nd5 21. Bxd5 Rxd5 22. Qe4 Rdd8 23. Rxh7 Rxh7 24. Qxh7 Qc7 25. Rh1 Qd7 26. Qg7 Bd6 27. Qxf6 Rf8 28. Rh8 Rxh8 29. Qxh8+ Kc7 30. Qg8 Qf5 31. g4 Qxf2 32. g5 e4 33. dxe4 Qe1+ 34. Ka2 Qxe4 35. g6 Be5 36. Qe6 Qf4 37.
Qe7+ Kc6 38. g7 Bxg7 39. Qxg7 Qf5 40. Qg2+ Kc7 41. Qe2 a6 42. a4 Kc6 43. Qe8+ Kc7 44. Qe2 Kc6 45. Ba3 b5 46. axb5+ axb5 47. Qh2 b4 48.
Bc1 d3 49. Qg2+ Kb6 50. cxd3 Qxd3 51. Bb2 c4 52. Qf2+ Kb5 53. bxc4+ Qxc4+ 54. Kb1 Qd3+ 55. Ka1 Qd1+ 56. Ka2 Qa4+ 57. Kb1 Qd1+ 58. Bc1 Qd3+ 59.
Qc2 Qxc2+ 60. Kxc2 b3+ 61. Kxb3 1/2-1/2

[Event "Late-Titled-Tuesday-Blitz-November-28-2023"]
[Site "Chess.com"]
[Date "2023.11.28"]
[Round "8"]
[White "kleber2007"]
[Black "kikoveiga"]
[Result "0-1"]
[WhiteElo "2390"]
[BlackElo "2580"]
[TimeControl "180+1"]
[EndTime "15:25:55 PST"]
[Termination "kikoveiga won by checkmate"]

1. Nf3 g6 2. d4 Bg7 3. e4 c6 4. c3 d5 5. exd5 cxd5 6. Bd3 Nc6 7. Bf4 Nf6 8. Nbd2 O-O 9. h3 Re8 10. O-O Bf5 11. Bxf5 gxf5 12. Ne1 e6 13. Nd3 Ne4 14.
Nf3 b5 15. a3 a5 16. Rc1 Qb6 17. Nfe5 Rec8 18. Nd7 Qa7 19. N7c5 b4 20. axb4 axb4 21. f3 bxc3 22. bxc3 Nxc3 23. Qe1 Bxd4+ 24. Be3 Bg7 25.
Nxe6 d4 26. Nxg7 dxe3 27. Qxc3 Nd4 28. Qxc8+ Rxc8 29. Rxc8+ Kxg7 30. Nf4 e2 31. Nxe2 Nxe2+ 32. Kh2 Qb7 33. Rc2 Qb8+ 34. f4 Nxf4 35. g3 Nh5 36. Rg2 Qe5 37. Rf3 Kf8 38. Rgf2 f4 39. gxf4 Qf5 40.
Rg2 Qe4 41. Rgf2 Ng7 42. f5 Nh5 43. f6 Qe5+ 44. Kg2 Qg5+ 45. Kh2 h6 46. Rf1 Qe5+ 47. Kg2 Kg8 48. R1f2 Kh7 49. Kg1 Kg6 50. Kg2 Nxf6 51. Rg3+ Kh7 52. Rgf3 Kg7 53. Rg3+ Kf8 54. Rgf3 Qe4 55.
Kg1 Qe1+ 56. Kg2 Qe4 57. Kg1 Qg6+ 58. Kf1 Ke7 59. Re3+ Ne4 60. Rfe2 f5 61. Ke1 Qg1# 0-1

[Event "Late-Titled-Tuesday-Blitz-November-28-2023"]
[Site "Chess.com"]
[Date "2023.11.28"]
[Round "8"]
[White "Alex_Sahakyan2006"]
[Black "Elsa167"]
[Result "0-1"]
[WhiteElo "2707"]
[BlackElo "2907"]
[TimeControl "180+1"]
[EndTime "15:25:56 PST"]
[Termination "Elsa167 won by resignation"]

1. d4 Nf6 2. Nf3 g6 3. Nc3 d5 4. Bf4 c6 5. e3 Bg4 6. Be2 Bg7 7. O-O O-O 8. a4 Nbd7 9. a5 a6 10. h3 Bxf3 11. Bxf3 Re8 12. e4 dxe4 13. Nxe4 Nxe4 14. Bxe4 e5 15. dxe5 Bxe5 16. Bxe5 Rxe5 17. Bf3 Nf6 18. c3 Qc7 19. b4 Rae8 20. Qc2 Ne4 21. Bxe4 Rxe4 22.
Rad1 Re2 23. Rd2 R2e4 24. Qd1 R8e7 25. Rd8+ Kg7 26. g3 Qe5 27. Qd2 Re2 28. Qd4 Qxd4 29.
Rxd4 Rc2 30. Rd3 Ra2 31. Rfd1 Rae2 32. Kg2 Kf6 33. Rf3+ Kg7 34. h4 h5 35. Rd8 R2e5 36. Rfd3 c5 37. R8d5 cxb4 38. cxb4 Rxd5 39. Rxd5 Re4 40. b5 Kf6 41. Kf3 Re5 42. Rd6+ Ke7 43. Rb6 Rxb5 44. Rxb5 axb5 45. Ke4 Kd6 46. Kd4 Kc6 47. f3 f6 48. g4 f5 49. gxh5 gxh5 50. f4 Kd6 51. Kd3 Kd5 52. Kc3 Kc5 53. Kb3 b4 54.
Ka4 Kc4 55. a6 bxa6 56. Ka5 b3 57. Kxa6 b2 58. Kb6 b1=Q+ 59. Kc6 Qe4+ 60. Kd6 Qxf4+ 0-1

[Event "Late-Titled-Tuesday-Blitz-November-28-2023"]
[Site "Chess.com"]
[Date "2023.11.28"]
[Round "8"]
[White "VladimirBugayev"]
[Black "nindjaxx8"]
[Result "0-1"]
[WhiteElo "2310"]
[BlackElo "2448"]
[TimeControl "180+1"]
[EndTime "15:25:56 PST"]
[Termination "nindjaxx8 won on time"]

1. e4 e6 2. d4 d5 3. Bd3 c5 4. exd5 exd5 5. c3 Nf6 6. Nf3 cxd4 7. Nxd4 Bd6 8. O-O O-O 9. h3 Nc6 10. Be3 Bd7 11. Nd2 Re8 12. N2b3 Bb8 13. Ne2 Ne5 14.
Nbd4 Ne4 15. Bb5 Bxb5 16. Nxb5 a6 17. Nbd4 Qc7 18. Bf4 Qb6 19. b3 Bc7 20. Bh2 Rad8 21. Rc1 Bb8 22. Re1 Ng6 23. Bxb8 Rxb8 24. Ng3 Nxg3 25.
fxg3 Qa5 26. Qc2 h6 27. Rxe8+ Rxe8 28. Rf1 Ne5 29. Nf5 f6 30. Qd2 Rc8 31. Nxh6+ gxh6 32. Rxf6 Qxc3 33. Qxh6 Qc1+ 34. Qxc1 Rxc1+ 35. Kf2 Rc2+ 36. Ke3 Rxa2 37. Rb6 Rxg2 38. g4 Nc6 39. Rxb7 Rg3+ 40. Kf4 Rxh3 41. Rb6 Nd4 42. Ke5 Nxb3 43. Kxd5 a5 44.
Kc4 Nd2+ 45. Kd5 a4 46. Ra6 a3 47. Ke6 Re3+ 48. Kf6 Nc4 49. Kg6 Kf8 50. Ra4 Nd6 51. g5 Ke7 52. Kg7 Rg3 53. g6 Nf5+ 0-1

[Event "Late-Titled-Tuesday-Blitz-November-28-2023"]
[Site "Chess.com"]
[Date "2023.11.28"]
[Round "8"]
[White "Njal28"]
[Black "Oleksandr_Bortnyk"]
[Result "0-1"]
[WhiteElo "3008"]
[BlackElo "3083"]
[TimeControl "180+1"]
[EndTime "15:26:04 PST"]
[Termination "Oleksandr_Bortnyk won on time"]

1. e4 Nf6 2. e5 Nd5 3. d4 d6 4. c4 Nb6 5. exd6 exd6 6. Nf3 Be7 7. h3 Bf5 8. Be2 O-O 9. O-O Nc6 10. Nc3 Bf6 11. g4 Bg6 12. g5 Be7 13. d5 Ne5 14. Ne1 Bf5 15. f4 Nexc4 16. a4 Bxh3 17.
Rf2 f6 18. g6 hxg6 19. a5 Nxa5 20. Rxa5 Qd7 21. Rh2 Kf7 22. Bb5 Qg4+ 23. Qxg4 Bxg4 24. Be2 Bf5 25. Nf3 a6 26. Nd4 Rh8 27. Nxf5 gxf5 28. Be3 Rxh2 29. Kxh2 g5 30. Kg2 Rg8 31. Kf1 Rh8 32. Kg2 Rh4 33. Bd3 gxf4 34. Bf2 f3+ 35. Kxf3 Rb4 36. Ra2 Nc4 37. Bxf5 Rxb2 38. Ra1 Rb3 39.
Bd4 c5 40. dxc6 bxc6 41. Re1 d5 42. Be6+ Kf8 43. Kg4 Bb4 44. Rc1 Bxc3 45. Bxc3 Ke7 46. Bg8 Kd6 47. Bxf6 Re3 48. Kf4 Re4+ 49. Kf5 Ne3+ 50.
Kg6 a5 51. Bh7 Nc4 52. Kf7 Re3 53. Bg5 Rf3+ 54. Kg6 a4 55. Kh6 a3 56. Bb1 Rf2 57. Bh4 Rg2 58. Bd3 a2 59. Bf6 Ne5 0-1

[Event "Late-Titled-Tuesday-Blitz-November-28-2023"]
[Site "Chess.com"]
[Date "2023.11.28"]
[Round "8"]
[White "PawnEatingZombie"]
[Black "JaackCamel"]
[Result "1-0"]
[WhiteElo "2199"]
[BlackElo "2046"]
[TimeControl "180+1"]
[EndTime "15:26:06 PST"]
[Termination "PawnEatingZombie won on time"]

1. e4 e6 2. Nf3 d5 3. e5 c5 4. b4 c4 5. a3 f6 6. d3 cxd3 7. Bxd3 fxe5 8. Nxe5 Nf6 9. O-O Nc6 10. Bb2 Nxe5 11. Bxe5 Bd6 12. Qe2 Bxe5 13. Qxe5 O-O 14.
Nd2 Bd7 15. Rfe1 Ng4 16. Qh5 Nf6 17. Qh4 Qc7 18. Nf3 a6 19. Ng5 h6 20. Nxe6 Bxe6 21. Rxe6 Qc3 22. Rae1 Ne4 23. R6xe4 dxe4 24. Qxe4 Rac8 25.
h4 Qf6 26. f3 Rce8 27. Qh7+ Kf7 28. Rxe8 Rxe8 29. h5 Ke7 30. Qe4+ Kd8 31. Qxb7 Qd4+ 32. Kh2 Qe5+ 33. Kg1 Qe1+ 34. Kh2 Qh4+ 35. Kg1 Re1+ 36. Bf1 Qd4+ 37. Kh2 Rxf1 38. Qa8+ Kd7 39. Qb7+ Kd6 40. Qxa6+ Ke7 41. Qxf1 Qe5+ 42. Kg1 Qd4+ 43. Qf2 Qd1+ 44. Kh2 Qd6+ 45. Kh3 Qe6+ 46. Kh2 Qe5+ 47. g3 Qc3 48. Qe2+ Kf8 49. Qd3 Qe1 50. b5 Qf2+ 51. Kh3 Qg1 52. Kg4 Qb1 53. Qd6+ Kg8 54. b6 Qxc2 55. Qd5+ Kh8 56. b7 Qb2 57. Qd8+ Kh7 58. b8=Q g5 59. Qe7+ 1-0